AoeStats
← SpinettaX

Arabia

509627931Analyzed
2v2 RM · 5d ago on Sep 27, 2026· 52m 58s· 4 players
Game mode
Random Map
Map size
Medium (4 player)
Population
200
Speed
Normal
Resources
Standard
Victory
Conquest
Starting age
Dark Age
Ending age
Imperial Age
RankedLock teamsTeams togetherTeam positionsShared explorationLock speedFull tech treeHidden civsTurbo modeCheats
Victory
Defeat
🇧🇷 Turks · Brazil
646
+16
🇩🇪 Danes · Germany
595
+17
🇦🇷 Byzantines · Argentina
644
-17
🇪🇸 Danes · Spain
629
-16
SpinettaX
9:42 Loom
11:34 Feudal Age
12:17 Horse Collar
12:26 Double-Bit Axe
20:26 Man-at-Arms
22:42 Wheelbarrow
22:45 Scale Barding Armor
22:53 Forging
22:43 Scale Mail Armor
25:39 Gold Mining
29:15 Arson
35:14 Castle Age
37:12 Iron Casting
36:57 Chain Mail Armor
36:48 Stone Mining
37:10 Long Swordsman
40:54 Hand Cart
42:09 Chain Barding Armor
42:44 Husbandry
51:29 Imperial Age
ruidoblanco
12:13 Feudal Age
13:16 Man-at-Arms
14:27 Double-Bit Axe
18:04 Horse Collar
18:57 Bloodlines
21:35 Forging
33:10 Castle Age
34:33 Husbandry
33:57 Long Swordsman
35:16 Iron Casting
34:55 Bow Saw
46:05 Light Cavalry
50:25 Imperial Age
lipelpimentel
10:48 Feudal Age
18:38 Double-Bit Axe
21:50 Castle Age
21:26 Stone Mining
36:00 Imperial Age
37:03 Wheelbarrow
36:14 Town Watch
51:39 Hand Cart
GiulioSalmo
0:27 Loom
10:57 Feudal Age
11:34 Arson
11:10 Man-at-Arms
11:38 Town Watch
11:49 Horse Collar
13:04 Scale Mail Armor
14:56 Double-Bit Axe
17:15 Forging
17:58 Bloodlines
32:57 Castle Age
32:18 Stone Mining
33:00 Gold Mining
35:10 Wheelbarrow
34:44 Gambesons
39:12 Murder Holes
39:50 Guard Tower
40:58 Long Swordsman
42:33 Bow Saw
45:43 Gold Shaft Mining
46:15 Stone Shaft Mining
46:01 Squires
50:00 Pikeman
Connection lost

Rejoining the realm…

Still unreachable

The connection could not be restored.

Session expired

The server has moved on; the page needs a fresh start.